 Dungeon Crawl Stone Soup version 0.20.1-1-g8b1a95d (webtiles) character file.

522916 Ceann the Shatterer (level 25, -3/171 HPs)
             Began as a Gargoyle Fighter on Sept 20, 2017.
             Was a High Priest of the Shining One.
             Slain by a reaper
             ... wielding a +3 scythe of venom
             ... summoned by a greater mummy's death curse
              (25 damage)
             ... on level 1 of the Tomb of the Ancients on Sept 23, 2017.
             The game lasted 02:47:25 (48001 turns).

Ceann the Shatterer (Gargoyle Fighter)             Turns: 48001, Time: 02:47:25

Health: -3/171     AC: 50    Str: 26      XL:     25   Next: 95%
Magic:  7/33       EV: 14    Int: 11 (15) God:    the Shining One [*****.]
Gold:   4592       SH: 30    Dex: 12      Spells: 10/24 levels left

rFire    + + .     SeeInvis .   Z - +5 sacred scourge (holy)
rCold    . . .     Gourm    .   t - +2 large shield {AC+3}
rNeg     + + +     Faith    .   A - +2 chain mail {rF+}
rPois    ∞         Spirit   .   D - +1 helmet
rElec    +         Reflect  +   C - +1 cloak {rF+}
rCorr    .         Harm     .   E - +2 pair of gloves {Dex+3}
MR       ++...                  N - +1 pair of boots {Fly}
Stlth    ..........             R - +2 amulet of reflection
Regen    0.4/turn               P - ring of protection from magic
MPRegen  0.3/turn               G - +5 ring of slaying

@: flying, glowing
A: big wings, claws 1, hooves 1, large bone plates 1, negative energy resistance
1, screaming 1, electricity resistance, unbreathing, petrification resistance,
rot immunity, AC +19
}: 2/15 runes: decaying, gossamer
a: Stop Flying, Divine Shield, Cleansing Flame, Summon Divine Warrior, Renounce
Religion


You were on level 1 of the Tomb of the Ancients.
You worshipped the Shining One.
The Shining One was extremely pleased with you.
You were very hungry.

You visited 11 branches of the dungeon, and saw 45 of its levels.
You visited the Abyss 2 times.
You also visited: Labyrinth and Volcano.

You collected 5678 gold pieces.
You spent 1086 gold pieces at shops.

Inventory:

Hand Weapons
 S - a +7 eveningstar of holy wrath
 Z - a +5 sacred scourge of holy wrath (weapon)
Armour
 c - a +0 shield
 t - a +2 large shield of protection (worn)
 A - a +2 chain mail of fire resistance (worn)
 C - a +1 cloak of fire resistance (worn)
 D - a +1 helmet (worn)
 E - a +2 pair of gloves of dexterity (worn)
 N - a +1 pair of boots of flying (worn)
Jewellery
 n - the ring of Himy {rPois rC- Str+3 Int+7 SInv}
   (You took it off a deep elf blademaster on level 3 of the Elven Halls)

   [ring of strength]

   It affects your strength (+3).
   It affects your intelligence (+7).
   It makes you vulnerable to cold.
   It protects you from poison.
   It lets you see invisible.
 o - an uncursed ring of resist corrosion
 y - an uncursed amulet of magic regeneration
 G - a +5 ring of slaying (right hand)
 M - an uncursed ring of protection from cold
 P - a ring of protection from magic (left hand)
 R - a +2 amulet of reflection (around neck)
 X - an uncursed ring of protection from fire
Wands
 d - a wand of digging (11/24)
 H - a wand of digging (13/24)
 I - a wand of acid (8/15)
 K - a wand of iceblast (6/15)
Scrolls
 e - 5 scrolls of teleportation
 h - 3 scrolls of fog
 i - 7 scrolls of recharging
 k - 10 scrolls of magic mapping
 m - 6 scrolls of immolation
 p - 15 scrolls of identify
 s - 7 scrolls of blinking
 v - 10 scrolls of enchant armour
 z - 3 scrolls of fear
 F - 3 scrolls of holy word
 J - 18 scrolls of remove curse
 Y - a scroll of summoning
Potions
 a - 6 potions of brilliance
 g - 6 potions of resistance
 r - 6 potions of ambrosia
 u - 5 potions of agility
 w - a potion of haste
 x - 4 potions of curing
 O - 2 potions of cancellation
 Q - 7 potions of might
 U - a potion of berserk rage
Books
 j - a book of Annihilations

   Spells                             Type                      Level
   a - Poison Arrow                   Conjuration/Poison           6
   b - Chain Lightning                Conjuration/Air              8
   c - Lehudib's Crystal Spear        Conjuration/Earth            8
   d - Glaciate                       Conjuration/Ice              9
   e - Fire Storm                     Conjuration/Fire             9
Comestibles
 f - 9 bread rations
 q - 21 meat rations
 L - 31 royal jellies


   Skills:
 + Level 21.3 Fighting
 + Level 23.7 Maces & Flails
 * Level 18.1 Armour
 * Level 12.8 Dodging
 - Level 2.0 Stealth
 + Level 17.3 Shields
 + Level 14.4 Invocations
 - Level 9.2 Evocations


You had 10 spell levels left.
You knew the following spells:

 Your Spells              Type           Power        Failure   Level  Hunger
a - Lee's Rapid Deconstr  Erth           #.........   100%        5    ######.
b - Shatter               Erth           #.........   100%        9    #######


Dungeon Overview and Level Annotations

Branches:
Dungeon (15/15)            Temple (1/1) D:4            Lair (6/6) D:10
  Swamp (4/4) Lair:3       Spider (4/4) Lair:2        Slime (0/5) Lair:5
    Orc (2/2) D:9             Elf (3/3) Orc:2        Vaults (4/5) D:13
  Crypt (3/3) Vaults:2       Tomb (2/3) Crypt:3      Depths (1/5) D:15

Altars:
Ashenzari
Cheibriados
Dithmenos
Elyvilon
Gozag
Hepliaklqana
Makhleb
Nemelex Xobeh
Qazlal
Ru
Sif Muna
Trog
Uskayaw
Vehumet
Xom
Yredelemnul
The Shining One
Jiyva

Shops:
D:6 *   D:8 *   Orc:2 ?[[!   Elf:2 ?   Vaults:3 !   Vaults:4 [

Portals:
Hell: Depths:1
Abyss: Depths:1
Ziggurat: Depths:1


Innate Abilities, Weirdness & Mutations

You are resistant to torment.
Your stone body is resilient. (AC +19)
You are immune to poison.
Your large and strong wings let you fly indefinitely.
You resist negative energy. (rN+)
You are resistant to electric shocks. (rElec)
You can survive without breathing.
You are immune to petrification.
You are immune to rotting.
You have sharp fingernails.
You have large cloven feet.
You are partially covered in large bone plates. (SH +4)
You occasionally shout uncontrollably at your foes.


Message History

You hit the quicksilver dragon zombie.
The quicksilver dragon zombie convulses.
The quicksilver dragon zombie is moderately damaged.
Your shield and chain mail prevent you from hitting the quicksilver dragon zombie.
The quicksilver dragon zombie is moderately damaged.
You block the quicksilver dragon zombie's attack. x2
The reaper shouts, "I have come for you, Ceann!"
The reaper hits you with a scythe of venom!
* * * LOW HITPOINT WARNING * * *
The mummy priest calls on the powers of darkness!
You feel a surge of unholy energy.
You feel better.
You block the quicksilver dragon zombie's attack. x2
The greater mummy gestures wildly while chanting.
Unknown command.
You feel better.
The mana viper disappears in a puff of smoke! x2
You block the quicksilver dragon zombie's attack. x2
The reaper hits you with a scythe of venom!!
You die...

..............................#
..............................#
..............................#
8.............................#
..............................#
..##################..........#
8.# #####..........# ..#
#..##..........# ..#
#@2##..........# 8.#
.....ZZ####..........# ..#
..#§.MZ #..........# ..# #.§..
#..........# 8.# ......
#..........# ..# ..#....
#..........# ..# . #....
#..........# 8.# ....'
#..........# ..# #..........#


You could see a reaper, a mummy priest, a snapping turtle simulacrum, a
quicksilver dragon zombie and an ice dragon skeleton.

Vanquished Creatures
  Mara (Vaults:4)
  Mennas (Crypt:3)
  An ancient lich (Crypt:3)
  12 greater mummies
  Margery (Vaults:2)
  Frederick (Crypt:2)
  Xtahua (Vaults:3)
  A profane servitor (Abyss:5)
  Arachne (Spider:2)
  Jorgrun (Vaults:2)
  5 bone dragons
  6 liches
  Asterion (Spider:2)
  2 deep elf blademasters (Elf:3)
  4 tentacled starspawn
  3 ancient champions
  A storm dragon (Vaults:1)
  2 thorn hunters
  6 sphinxes (Tomb:1)
  4 revenants
  2 fire giants
  5 deep elf sorcerers
  3 ghost moths
  A frost giant (Depths:1)
  A draconian knight (Abyss:3)
  12 vault wardens
  A cacodemon (Abyss:5)
  6 emperor scorpions (Spider:4)
  2 curse skulls
  5 deep elf elementalists (Elf:3)
  4 ghouls
  A draconian annihilator (Abyss:5)
  16 ironheart preservers
  3 reapers (Crypt:2)
  5 stone giants
  4 war gargoyles (Crypt:3)
  7 very ugly things
  9 vampire knights
  6 bennus (Tomb:1)
  8 deep elf demonologists
  A spark wasp (Spider:4)
  8 deep elf annihilators
  13 deep elf death magi
  2 eidola
  5 ettins
  2 blizzard demons (Abyss:5)
  Josephine (Spider:1)
  3 crystal guardians (Crypt:3)
  5 mummy priests
  9 jiangshi
  A minotaur (Lab)
  8 deep elf high priests
  2 yaktaur captains
  16 ogre magi
  4 great orbs of eyes
  2 fire dragons (Depths:1)
  3 rakshasas (Vaults:1)
  8 vault guards
  5 death knights
  5 quicksilver dragon skeletons (Crypt:2)
  11 hydras
  8 ice dragons
  3 ghost crabs
  5 alligators
  Erica (D:8)
  7 centaur warriors
  34 dancing weapons
  A satyr (shapeshifter) (Vaults:1)
  4 deep troll shamans
  2 death scarabs (Tomb:2)
  2 tengu warriors (D:14)
  41 two-headed ogres
  2 deep troll earth magi
  2 orc high priests
  A titan zombie (Crypt:3)
  A thrashing horror (Abyss:5)
  A shock serpent (shapeshifter) (Abyss:5)
  4 vampire magi
  25 deep elf knights
  6 spriggans
  4 shadow wraiths
  2 soul eaters (Crypt:2)
  2 storm dragon zombies
  A titan skeleton (Crypt:3)
  A sea snake (shapeshifter) (Elf:2)
  2 iron trolls (Depths:1)
  A spatial maelstrom (Abyss:5)
  3 wretched stars (Abyss:5)
  An anaconda zombie (Crypt:2)
  3 spriggan druids
  17 hell knights
  32 skeletal warriors
  2 unseen horrors
  19 deep trolls
  2 shambling mangroves
  18 deep elf archers
  4 glowing orange brains
  19 ironbrand convokers
  2 spectral hydras (Swamp:4)
  A golden dragon skeleton (D:15)
  8 flayed ghosts
  12 phantasmal warriors
  A lindwurm (Lair:5)
  3 harpies (Vaults:1)
  2 shadow dragon zombies
  2 wolf spider zombies
  7 swamp dragons
  12 orc knights
  5 orc sorcerers
  4 wizards
  The ghost of Sharkman1231 the Skirmisher, a novice DsCK of Xom (D:6)
  An anaconda skeleton (Crypt:3)
  14 necromancers
  25 ugly things
  A wolf spider (shapeshifter) (Elf:1)
  39 wolf spiders
  23 orb spiders
  12 cyclopes
  2 worldbinders (Abyss:5)
  84 deep elf magi
  A manticore (D:15)
  A frost giant zombie (Vaults:3)
  A fire giant zombie (Vaults:2)
  A stone giant zombie (D:15)
  A sphinx skeleton (Vaults:2)
  Joseph (D:9)
  An iron dragon skeleton (Crypt:3)
  4 moths of wrath
  12 vault sentinels
  9 elephants (Lair:5)
  2 fire giant skeletons
  A guardian serpent (Lair:6)
  The ghost of iamoutofideas the Chopper, a novice MiFi (D:5)
  8 black mambas
  A shock serpent skeleton (Crypt:2)
  2 stone giant skeletons
  9 large abominations
  A storm dragon simulacrum (Vaults:2)
  21 spiny frogs
  A gargoyle (D:15)
  Psyche (D:8)
  A hellion (Abyss:5)
  3 smoke demons
  16 demonic crawlers
  2 kobold demonologists
  12 freezing wraiths
  8 swamp worm zombies
  A komodo dragon (shapeshifter) (D:13)
  34 yaktaurs
  6 komodo dragons
  An entropy weaver simulacrum (Vaults:1)
  A harpy zombie (Crypt:3)
  3 hellwings (Abyss:3)
  3 ancient zymes (Abyss:5)
  2 red devils (Depths:1)
  A queen bee (Orc:1)
  4 small abominations
  3 tengu conjurers
  A grey draconian skeleton (Crypt:1)
  22 guardian mummies
  16 trolls
  2 hydra zombies (Swamp:4)
  3 meliai (D:15)
  14 hornets
  A polar bear (shapeshifter) (Abyss:5)
  A meliai (shapeshifter) (D:15)
  8 hippogriffs
  33 jumping spiders
  A tyrant leech (Swamp:1)
  A merfolk (shapeshifter) (Vaults:1)
  A spriggan zombie (D:15)
  17 slime creatures
  A raiju (Abyss:5)
  6 dream sheep (Lair:4)
  14 bog bodies
  11 blink frogs
  2 fire giant simulacra
  A spectral swamp dragon (Swamp:4)
  4 fire dragon skeletons
  66 flying skulls
  A ynoxinul (Abyss:3)
  15 wyverns
  59 redbacks
  2 shadows
  3 air elementals
  19 yaks
  35 tarantellas
  9 water elementals
  16 wraiths
  4 hogs (D:11)
  A human (D:11)
  7 fire bats (Volcano)
  4 basilisks
  7 ushabtiu
  2 black mamba skeletons
  5 fire elementals
  21 vampire mosquitoes
  3 hungry ghosts
  A basilisk (shapeshifter) (Vaults:2)
  A chaos spawn (Abyss:5)
  A gelid demonspawn zombie (Crypt:2)
  3 neqoxecs (Abyss:5)
  3 wargs
  2 acid dragons
  13 insubstantial wisps
  19 swamp worms
  7 porcupines
  A spiny frog zombie (Crypt:1)
  24 water moccasins
  3 human skeletons
  11 swamp drakes
  5 swamp dragon zombies (Swamp:4)
  A deep troll skeleton (Vaults:2)
  7 ice beasts
  29 orc warriors
  A black bear (D:8)
  4 sky beasts
  An elf zombie (Vaults:3)
  5 necrophages
  A black bear (shapeshifter) (Elf:2)
  10 phantoms
  7 wolves
  An ettin simulacrum (Vaults:1)
  An eye of draining (D:15)
  69 ogres
  5 boggarts
  25 centaurs
  12 crocodiles
  10 big kobolds
  A manticore skeleton (Crypt:3)
  A salamander zombie (Crypt:2)
  A rime drake skeleton (Crypt:2)
  18 bullfrogs
  2 earth elementals
  4 gnoll sergeants (D:9)
  A wyvern skeleton (D:10)
  A cyclops skeleton (Crypt:1)
  A warg skeleton (Crypt:1)
  4 scorpions
  2 human simulacra
  36 killer bees
  An elf simulacrum (Vaults:3)
  25 wights
  2 electric eels
  2 howler monkeys (D:6)
  8 lava snakes (Volcano)
  8 crimson imps
  9 starcursed masses (Abyss:5)
  A centaur zombie (D:6)
  7 centaur skeletons
  10 hounds
  A jelly (D:10)
  17 orc priests
  24 orc wizards
  7 bullfrog skeletons
  6 iguanas
  15 worker ants
  4 spectral swamp drakes (Swamp:4)
  A killer bee zombie (D:6)
  An ogre zombie (Crypt:1)
  A tengu skeleton (Crypt:2)
  30 mummies
  2 worker ant zombies
  4 gnolls (D:9)
  A howler monkey skeleton (D:6)
  10 adders
  A swamp drake zombie (Swamp:4)
  3 shadow imps
  2 white imps
  An ufetubus (Abyss:3)
  3 oozes
  2 adder zombies
  6 worms
  A worm (shapeshifter) (Vaults:4)
  A dart slug (D:3)
  2 leopard geckos
  109 orcs
  7 bats
  9 giant cockroaches
  2 goblins
  2 jackals (D:8)
  6 quokkas
  3 ball pythons
  4 frilled lizards
  A jackal skeleton (Crypt:2)
  38 kobolds
  A kobold zombie (Crypt:1)
  An orc skeleton (Crypt:3)
  4 rats
  2 briar patches (Swamp:2)
  A crawling corpse (Elf:3)
  A fungus (Lair:1)
  A lurking horror (Abyss:5)
2200 creatures vanquished.

Vanquished Creatures (collateral kills)
  2 vault wardens (Vaults:4)
  A stone giant (Vaults:4)
  A great orb of eyes (Vaults:4)
  A vault guard (Vaults:4)
  3 two-headed ogres (Vaults:4)
  An ironbrand convoker (Vaults:4)
  An orc knight (Vaults:4)
  A deep elf mage (Vaults:4)
11 creatures vanquished.

Vanquished Creatures (others)
  An eldritch tentacle (Vaults:3)
  A vault warden (Vaults:3)
  A red draconian (Volcano)
  A centaur warrior (Vaults:2)
  4 death scarabs (Tomb:2)
  2 thrashing horrors (Abyss:5)
  A deep elf mage (Vaults:3)
  2 cyclopes (Vaults:2)
  2 yaktaurs
  A redback (Spider:2)
  An ushabti (Tomb:2)
  An ogre (Vaults:4)
  An orc priest (Vaults:4)
  An orc wizard (D:8)
  A mummy (Tomb:2)
  An orc (Vaults:4)
  5 fungi
  2 lurking horrors (Abyss:5)
  13 plants
  6 starspawn tentacles (Abyss:5)
  A withered plant (D:15)
49 creatures vanquished.

Grand Total: 2260 creatures vanquished

Notes
Turn   | Place    | Note
-------+----------+-------------------------------------------
     0 | D:1      | Ceann the Gargoyle Fighter began the quest for the Orb.
     0 | D:1      | Reached XP level 1. HP: 14/14 MP: 1/1
   240 | D:1      | Reached XP level 2. HP: 19/19 MP: 2/2
   701 | D:2      | Reached XP level 3. HP: 22/23 MP: 3/3
   735 | D:2      | Reached skill level 3 in Maces & Flails
  1514 | D:3      | Reached XP level 4. HP: 24/28 MP: 4/4
  1596 | D:3      | You fall through a shaft for 2 floors!
  1596 | D:5      | Entered Level 5 of the Dungeon
  1637 | D:5      | Noticed iamoutofideas's ghost (novice MiFi)
  1661 | D:6      | Noticed an ice beast
  1676 | D:6      | Reached XP level 5. HP: 27/32 MP: 5/5
  1679 | D:6      | Reached skill level 4 in Maces & Flails
  1686 | D:6      | Killed an ice beast
  1686 | D:6      | Reached skill level 1 in Stealth
  1703 | D:6      | Reached skill level 1 in Dodging
  1703 | D:6      | Reached XP level 6. HP: 30/38 MP: 6/6
  1708 | D:6      | Noticed an ice beast
  1729 | D:6      | Killed an ice beast
  1729 | D:6      | Reached skill level 5 in Maces & Flails
  1740 | D:6      | Noticed a phantom
  1762 | D:6      | Killed a phantom
  1798 | D:6      | Found Zuxtiely's General Store.
  1817 | D:6      | Bought a scroll of teleportation for 39 gold pieces
  1834 | D:6      | Reached XP level 7. HP: 30/43 MP: 7/7
  1908 | D:6      | Noticed Sharkman1231's ghost (novice DsCK)
  1909 | D:5      | Gained mutation: You are frail. (-10% HP) [potion of mutation]
  1909 | D:5      | Lost mutation: You are frail. (-10% HP) [potion of mutation]
  1909 | D:5      | Gained mutation: You have a somewhat thin skeletal structure. (Dex +2, Stealth) [potion of mutation]
  1909 | D:5      | Gained mutation: You have sharp toenails. [potion of mutation]
  1924 | D:5      | Reached skill level 6 in Maces & Flails
  1930 | D:5      | Lost mutation: You have sharp toenails. [potion of mutation]
  1930 | D:5      | Lost mutation: You have a somewhat thin skeletal structure. (Dex +2, Stealth) [potion of mutation]
  1930 | D:5      | Gained mutation: You have large cloven feet. [potion of mutation]
  1930 | D:5      | Gained mutation: You are partially covered in large bone plates. (SH +4) [potion of mutation]
  2490 | D:4      | Reached skill level 7 in Maces & Flails
  2584 | D:4      | Found a glowing silver altar of Zin.
  2586 | D:4      | Found a shimmering altar of Xom.
  2586 | D:4      | Found an ancient bone altar of Kikubaaqudgha.
  2607 | D:4      | Found a shimmering altar of Xom.
  2607 | D:4      | Found a basalt altar of Yredelemnul.
  2607 | D:4      | Found a snail-covered altar of Cheibriados.
  2697 | D:4      | Found a staircase to the Ecumenical Temple.
  2814 | Temple   | Entered the Ecumenical Temple
  2834 | Temple   | Became a worshipper of the Shining One
  3098 | D:4      | Reached XP level 8. HP: 46/48 MP: 8/8
  3257 | D:5      | Killed iamoutofideas's ghost
  3257 | D:5      | Reached skill level 5 in Armour
  3257 | D:5      | Reached skill level 5 in Shields
  3505 | D:5      | Reached skill level 8 in Maces & Flails
  3582 | D:5      | Found a white marble altar of Elyvilon.
  4082 | D:5      | Reached XP level 9. HP: 49/53 MP: 9/9
  4555 | D:6      | Killed Sharkman1231's ghost
  4555 | D:6      | Reached skill level 5 in Fighting
  4555 | D:6      | Reached skill level 9 in Maces & Flails
  4677 | D:6      | Reached * piety under the Shining One
  4739 | D:6      | Reached skill level 10 in Maces & Flails
  5083 | D:7      | Reached XP level 10. HP: 41/59 MP: 10/10
  5372 | D:7      | Reached skill level 11 in Maces & Flails
  5904 | D:8      | Noticed Erica
  5904 | D:8      | Reached ** piety under the Shining One
  5921 | D:8      | Killed Erica
  6231 | D:8      | Noticed Psyche
  6238 | D:8      | Killed Psyche
  6732 | D:8      | Found a shimmering altar of Xom.
  6831 | D:8      | Noticed a two-headed ogre
  6847 | D:8      | Killed a two-headed ogre
  6847 | D:8      | Reached skill level 12 in Maces & Flails
  6847 | D:8      | Reached XP level 11. HP: 63/64 MP: 11/11
  6887 | D:8      | Found an opulent altar of Gozag.
  6889 | D:8      | Found Gozag's Platinum Reserve.
  7048 | D:9      | Noticed a two-headed ogre
  7062 | D:9      | Killed a two-headed ogre
  7089 | D:9      | Got a fine wooden ring
  7145 | D:9      | Noticed Joseph
  7160 | D:9      | Killed Joseph
  7321 | D:9      | Found a basalt altar of Yredelemnul.
  7408 | D:9      | Found a staircase to the Orcish Mines.
  7637 | D:9      | Found a deep blue altar of Sif Muna.
  7730 | D:10     | Entered Level 10 of the Dungeon
  7738 | D:10     | Reached skill level 13 in Maces & Flails
  7841 | D:10     | Found a staircase to the Lair.
  7974 | D:10     | Reached *** piety under the Shining One
  8154 | D:10     | Identified the ring of Generosity {Int+2 Dex+5} (You found it on level 9 of the Dungeon)
  8243 | Lair:1   | Entered Level 1 of the Lair of Beasts
  8665 | Lair:1   | Noticed a two-headed ogre
  8671 | Lair:1   | Killed a two-headed ogre
  8671 | Lair:1   | Reached skill level 10 in Shields
  8947 | Lair:2   | Reached XP level 12. HP: 72/72 MP: 12/12
  8948 | Lair:2   | Found a hole to the Spider Nest.
  9146 | Lair:2   | Noticed a six-headed hydra
  9161 | Lair:2   | Killed a six-headed hydra
  9564 | Lair:3   | Reached skill level 14 in Maces & Flails
  9600 | Lair:3   | Found a staircase to the Swamp.
  9937 | Lair:3   | Noticed a six-headed hydra
  9944 | Lair:3   | Killed a six-headed hydra
 10307 | Lair:4   | Noticed a six-headed hydra
 10312 | Lair:4   | Killed a six-headed hydra
 10534 | Lair:4   | Noticed a six-headed hydra
 10541 | Lair:4   | Killed a six-headed hydra
 10563 | Lair:4   | Learned a level 5 spell: Lee's Rapid Deconstruction
 10626 | Lair:4   | Noticed a four-headed hydra
 10634 | Lair:4   | Killed a four-headed hydra
 10697 | Lair:4   | Noticed a five-headed hydra
 10702 | Lair:4   | Killed a five-headed hydra
 10833 | Lair:4   | Reached XP level 13. HP: 78/78 MP: 13/13
 11120 | Lair:5   | Found a dark tunnel.
 11126 | Lair:5   | Reached skill level 15 in Maces & Flails
 11132 | Volcano  | Entered a volcano
 11158 | Volcano  | Reached **** piety under the Shining One
 11411 | Volcano  | Noticed a red draconian
 11419 | Volcano  | Killed a red draconian
 11459 | Volcano  | Found a burning altar of Makhleb.
 12013 | Lair:5   | Found a staircase to the Slime Pits.
 12014 | Lair:5   | Found a viscous altar of Jiyva.
 12549 | Lair:6   | Entered Level 6 of the Lair of Beasts
 12581 | Lair:6   | Reached skill level 5 in Dodging
 12806 | Lair:6   | Gained mutation: Your large and strong wings let you fly indefinitely. [Gargoyle growth]
 12806 | Lair:6   | Reached XP level 14. HP: 57/86 MP: 14/14
 12944 | Lair:6   | Got a translucent glass ring
 12946 | Lair:6   | Identified the ring of Megalomania {+Fly Str+5} (You found it on level 6 of the Lair of Beasts)
 13785 | Orc:1    | Entered Level 1 of the Orcish Mines
 14167 | Orc:1    | Reached skill level 16 in Maces & Flails
 14513 | Orc:1    | Reached ***** piety under the Shining One
 14570 | Orc:2    | Entered Level 2 of the Orcish Mines
 14570 | Orc:2    | Found a staircase to the Elven Halls.
 14909 | Orc:2    | Reached skill level 10 in Fighting
 14969 | Orc:2    | Noticed a stone giant
 15007 | Orc:2    | Killed a stone giant
 15007 | Orc:2    | Reached skill level 1 in Evocations
 15069 | Orc:2    | Found Lameob's Distillery.
 15070 | Orc:2    | Found Lotzybil's Armour Emporium.
 15696 | Orc:2    | Found Anel's Magic Scroll Shop.
 15710 | Orc:2    | Bought a potion of flight for 39 gold pieces
 15714 | Orc:2    | Found Ubafe's Armour Emporium.
 15757 | Orc:2    | Reached XP level 15. HP: 56/93 MP: 17/17
 15770 | Orc:2    | Bought a scroll of acquirement for 676 gold pieces
 15770 | Orc:2    | Bought a scroll of noise for 13 gold pieces
 16938 | D:12     | Found a shattered altar of Ashenzari.
 16971 | D:12     | Reached skill level 15 in Shields
 17811 | D:13     | Reached ****** piety under the Shining One
 17847 | D:13     | Found a stormy altar of Qazlal.
 18029 | D:13     | Found a gate to the Vaults.
 18674 | D:14     | Found a labyrinth entrance.
 18685 | Lab      | Entered a labyrinth
 18849 | Lab      | Reached skill level 17 in Maces & Flails
 18853 | Lab      | Identified the Grimoire of Talismans
 18861 | Lab      | Identified Benton's Tome of Clay
 18984 | D:14     | Reached skill level 10 in Armour
 19523 | D:15     | Entered Level 15 of the Dungeon
 19544 | D:15     | Found a staircase to the Depths.
 19566 | D:15     | Reached skill level 5 in Evocations
 19833 | D:15     | Reached XP level 16. HP: 67/101 MP: 19/19
 20438 | D:15     | Found a sacrificial altar of Ru.
 21017 | Spider:1 | Entered Level 1 of the Spider Nest
 21657 | Spider:1 | Noticed Josephine
 21669 | Spider:1 | Killed Josephine
 22311 | Spider:2 | Noticed Arachne
 22331 | Spider:2 | Killed Arachne
 22331 | Spider:2 | Reached skill level 18 in Maces & Flails
 22527 | Spider:2 | Noticed Asterion
 22542 | Spider:2 | Killed Asterion
 22873 | Spider:3 | Reached XP level 17. HP: 108/108 MP: 21/21
 23299 | Spider:4 | Entered Level 4 of the Spider Nest
 24383 | Spider:4 | Got a gossamer rune of Zot
 24493 | Spider:4 | Reached skill level 19 in Maces & Flails
 24651 | Swamp:1  | Entered Level 1 of the Swamp
 24863 | Swamp:1  | Got a heavily runed ring mail
 24864 | Swamp:1  | Identified the cursed +0 ring mail of the Empire {rF- rN+++ Dex+2 SInv} (You found it on level 1 of the Swamp)
 25111 | Swamp:1  | Reached XP level 18. HP: 101/116 MP: 24/24
 26544 | Swamp:4  | Entered Level 4 of the Swamp
 26976 | Swamp:4  | Noticed a bone dragon
 26985 | Swamp:4  | Killed a bone dragon
 27092 | Swamp:4  | Got a decaying rune of Zot
 27372 | Elf:1    | Entered Level 1 of the Elven Halls
 27484 | Elf:1    | Found a radiant altar of Vehumet.
 27511 | Elf:1    | Reached skill level 1 in Invocations
 27767 | Elf:1    | Reached skill level 15 in Fighting
 27973 | Elf:1    | Reached skill level 20 in Maces & Flails
 28145 | Elf:1    | Reached XP level 19. HP: 83/124 MP: 25/25
 28699 | Elf:2    | Found a runed gate.
 28699 | Elf:2    | Found a runed gate.
 28699 | Elf:2    | Found a runed gate.
 28744 | Elf:2    | Found Sez Wiecs's Magic Scroll Boutique.
 28749 | Elf:2    | Bought a scroll of enchant armour for 127 gold pieces
 30027 | Elf:3    | Entered Level 3 of the Elven Halls
 30029 | Elf:3    | Reached skill level 5 in Invocations
 30793 | Elf:3    | Noticed a Hell Sentinel
 30807 | Elf:3    | Noticed a Hell Sentinel
 30808 | Elf:3    | Noticed a Hell Sentinel
 31066 | Elf:3    | Reached XP level 20. HP: 126/131 MP: 26/26
 31360 | Elf:3    | Cast into level 3 of the Abyss (a deep elf demonologist)
 31484 | Elf:3    | Escaped the Abyss
 31555 | Elf:3    | Identified the Disquisition on Blistering Self-Knowledge
 31656 | Elf:3    | Got a shimmering turquoise ring
 31659 | Elf:3    | Identified the cursed ring of Misel {rPois Dex-4} (You took it off a deep elf annihilator on level 3 of the Elven Halls)
 31690 | Elf:3    | Got a warped ivory ring
 31874 | Elf:3    | Got a dazzling long sword
 31875 | Elf:3    | Identified the cursed +0 long sword "Goblinbane" {vamp, +Rage rF+ Str-3 Int+2} (You found it on level 3 of the Elven Halls)
 32708 | Depths:1 | Entered Level 1 of the Depths
 33379 | Depths:1 | Found a shattered altar of Ashenzari.
 33575 | Depths:1 | Found a gateway to Hell.
 33630 | Depths:1 | Found a one-way gate to the infinite horrors of the Abyss.
 33662 | Depths:1 | Reached skill level 21 in Maces & Flails
 34189 | Depths:1 | Found a gateway to a ziggurat.
 34216 | Depths:1 | Paralysed by a great orb of eyes for 6 turns
 34636 | Vaults:1 | Entered Level 1 of the Vaults
 34637 | Vaults:1 | Identified the ring of Himy {rPois rC- Str+3 Int+7 SInv} (You took it off a deep elf blademaster on level 3 of the Elven Halls)
 34665 | Vaults:1 | Paralysed by a great orb of eyes for 7 turns
 34853 | Vaults:1 | Reached XP level 21. HP: 128/139 MP: 27/27
 36630 | Vaults:2 | Identified the Grimoire of Lethal Fire
 36727 | Vaults:2 | Got a jewelled scale mail
 36741 | Vaults:2 | Identified the +1 scale mail of Infinity {rC+} (You found it on level 2 of the Vaults)
 36886 | Vaults:2 | Reached skill level 15 in Armour
 37439 | Vaults:2 | Noticed Jorgrun
 37451 | Vaults:2 | Killed Jorgrun
 37535 | Vaults:2 | Found a staircase to the Crypt.
 37821 | Vaults:2 | Noticed Margery
 37873 | Vaults:2 | Reached XP level 22. HP: 131/147 MP: 29/29
 37994 | Vaults:2 | Reached skill level 10 in Invocations
 39413 | Vaults:2 | Killed Margery
 39425 | Vaults:2 | Reached skill level 10 in Dodging
 39476 | Vaults:3 | Noticed Xtahua
 39487 | Vaults:3 | Killed Xtahua
 40404 | Vaults:3 | Reached skill level 22 in Maces & Flails
 40949 | Vaults:3 | Learned a level 9 spell: Shatter
 40975 | Vaults:3 | Found Bifiyghugu's Distillery.
 40983 | Vaults:3 | Bought a potion of magic for 96 gold pieces
 40983 | Vaults:3 | Bought a potion of cancellation for 96 gold pieces
 41673 | Vaults:4 | Reached XP level 23. HP: 144/155 MP: 31/31
 41769 | Vaults:4 | Noticed Mara
 41770 | Vaults:4 | Noticed Ceann's illusion
 42276 | Vaults:4 | Killed Mara
 42289 | Vaults:4 | Identified a sacred scourge of holy wrath {god gift} (a demon whip of draining blessed by the Shining One)
 42289 | Vaults:4 | Received a gift from the Shining One
 42355 | Vaults:4 | Found Warex's Armour Emporium.
 42919 | Crypt:1  | Entered Level 1 of the Crypt
 43847 | Crypt:2  | Noticed Frederick
 43861 | Crypt:2  | Killed Frederick
 44040 | Crypt:2  | Reached XP level 24. HP: 151/163 MP: 32/32
 44492 | Crypt:3  | Entered Level 3 of the Crypt
 44753 | Crypt:3  | Reached skill level 23 in Maces & Flails
 45320 | Crypt:3  | Found a basalt altar of Yredelemnul.
 45326 | Crypt:3  | Noticed an ancient lich
 45338 | Crypt:3  | Cast into level 5 of the Abyss (an ancient lich)
 45338 | Abyss:5  | Entered Level 5 of the Abyss
 45436 | Abyss:5  | Gained mutation: You have sharp fingernails. [a cacodemon]
 45576 | Abyss:5  | Gained mutation: You occasionally shout uncontrollably at your foes. [a neqoxec]
 45739 | Crypt:3  | Escaped the Abyss
 45751 | Crypt:3  | Killed an ancient lich
 45878 | Crypt:3  | Noticed Mennas
 45929 | Crypt:3  | Killed Mennas
 46214 | Crypt:3  | Found a staircase to the Tomb.
 46296 | Crypt:3  | Reached XP level 25. HP: 146/170 MP: 32/32
 46324 | Crypt:3  | Got a crude scale mail
 46326 | Crypt:3  | Identified the cursed +1 scale mail of Insurance {Dex+7} (You found it on level 3 of the Crypt)
 46387 | Tomb:1   | Entered Level 1 of the Tomb of the Ancients
 46960 | Tomb:1   | Noticed a greater mummy
 46971 | Tomb:1   | Killed a greater mummy
 47005 | Tomb:1   | Paralysed by a lich for 5 turns
 47542 | Tomb:2   | Noticed a greater mummy
 47546 | Tomb:2   | Noticed a greater mummy
 47548 | Tomb:2   | Noticed a greater mummy
 47548 | Tomb:2   | Noticed a greater mummy
 47561 | Tomb:2   | Killed a greater mummy
 47561 | Tomb:2   | Killed a greater mummy
 47563 | Tomb:2   | Killed a greater mummy
 47564 | Tomb:2   | Killed a greater mummy
 47914 | Tomb:1   | Noticed a greater mummy
 47914 | Tomb:1   | Noticed a greater mummy
 47915 | Tomb:1   | Noticed a greater mummy
 47915 | Tomb:1   | Noticed a greater mummy
 47915 | Tomb:1   | Noticed a greater mummy
 47915 | Tomb:1   | Noticed a greater mummy
 47916 | Tomb:1   | Noticed a greater mummy
 47922 | Tomb:1   | Noticed a greater mummy
 47928 | Tomb:1   | Killed a greater mummy
 47930 | Tomb:1   | Killed a greater mummy
 47943 | Tomb:1   | Killed a greater mummy
 47945 | Tomb:1   | Killed a greater mummy
 47948 | Tomb:1   | Killed a greater mummy
 47986 | Tomb:1   | HP: 8/171 [greater mummy/divine providence (12)]
 47987 | Tomb:1   | Killed a greater mummy
 47992 | Tomb:1   | Killed a greater mummy
 47999 | Tomb:1   | HP: 6/171 [reaper/scythe of venom[a greater mummy's death curse] (14)]
 48001 | Tomb:1   | Slain by a reaper

Skill      XL: |  1  2  3  4  5  6  7  8  9 10 11 12 13 14 15 16 17 18 19 20 21 22 23 24 25 |
---------------+----------------------------------------------------------------------------+-----
Maces & Flails | 3 4 5 7 8 10 12 13 14 15 16 17 18 19 20 21 22 23 | 23.7
Stealth        | 1 2 |  2.0
Dodging        | 1 2 3 4 5 6 8 9 10 11 12 | 12.8
Shields        | 4 5 7 8 10 11 13 14 15 16 17 | 17.3
Fighting       | 4 5 6 7 8 9 10 11 13 15 16 17 18 19 20 21 | 21.3
Armour         | 4 5 6 8 9 10 11 12 13 14 15 16 17 18 | 18.1
Evocations     | 2 5 6 8 9 |  9.2
Invocations    | 2 6 8 9 11 12 13 14 | 14.4

Action                   |  1- 3 |  4- 6 |  7- 9 | 10-12 | 13-15 | 16-18 | 19-21 | 22-24 | 25-27 || total
-------------------------+-------+-------+-------+-------+-------+-------+-------+-------+-------++-------
Melee: Flail             |   150 |    88 |   324 |   789 |   904 |       |       |       |       ||  2255
       Mace              |       |       |    56 |       |       |       |       |       |       ||    56
       Kick              |       |       |    59 |       |       |       |       |       |       ||    59
       Eveningstar       |       |       |       |       |   532 |  1469 |  1492 |   691 |       ||  4184
       Sacred scourge    |       |       |       |       |       |       |       |  1139 |   328 ||  1467
Invok: Divine Shield     |       |       |       |       |     2 |     1 |     3 |       |       ||     6
       Cleansing Flame   |       |       |       |       |       |     1 |       |       |    30 ||    31
       Summon Divine War |       |       |       |       |       |       |       |     1 |       ||     1
       Brand Weapon With |       |       |       |       |       |       |       |     1 |       ||     1
 Abil: Fly               |       |       |       |       |     1 |       |       |       |       ||     1
Evoke: Wand              |       |       |       |     2 |       |       |       |       |       ||     2
  Use: Potion            |       |     1 |     5 |     1 |     1 |     3 |     2 |     6 |    10 ||    29
       Scroll            |       |       |     4 |    15 |    14 |    11 |    16 |     5 |     2 ||    67
  Eat: Chunk             |     1 |     2 |    11 |    13 |    27 |    21 |    29 |    15 |       ||   119
       Royal jelly       |       |       |       |     1 |       |     1 |       |       |       ||     2
       Bread ration      |       |       |       |     1 |       |       |       |     1 |     1 ||     3
       Fruit             |       |       |       |       |     4 |     7 |     4 |    16 |       ||    31
Armor: Scale mail        |   114 |    46 |   124 |   251 |    15 |       |       |       |       ||   550
       Fire dragon scale |       |       |    25 |       |    33 |       |       |       |       ||    58
       Chain mail        |       |       |       |       |   423 |   711 |   590 |   434 |   146 ||  2304
Dodge: Dodged            |    51 |    18 |    97 |   195 |   344 |   420 |   332 |   332 |    67 ||  1856
Block: Shield            |    85 |    39 |   269 |   529 |  1144 |  1278 |  1170 |  1176 |       ||  5690
       Reflection        |       |       |       |       |       |       |    22 |    53 |     1 ||    76
       Large shield      |       |       |       |       |       |       |       |    20 |   443 ||   463
